AoeStats
← alberto735

Arabian Desert

509632638Analyzed
1v1 RM · 5d ago on Sep 27, 2026· 29m 7s· 2 players
Game mode
Random Map
Map size
Tiny (2 player)
Population
200
Speed
Normal
Resources
Standard
Victory
Conquest
Starting age
Dark Age
Ending age
Imperial Age
RankedLock teamsTeams togetherTeam positionsShared explorationLock speedFull tech treeHidden civsTurbo modeCheats
Victory
Defeat
🇧🇴 Magyars · Bolivia
1288
+16
🇳🇱 Turks · Netherlands
1278
-16
Satanus9001
7:47 Loom
10:05 Feudal Age
13:57 Double-Bit Axe
16:00 Horse Collar
20:40 Castle Age
22:37 Wheelbarrow
23:03 Town Watch
24:36 Fletching
28:26 Gold Mining
alberto735
5:45 Loom
10:06 Feudal Age
10:38 Double-Bit Axe
10:41 Horse Collar
17:48 Wheelbarrow
17:03 Town Watch
21:23 Castle Age
19:41 Gold Mining
20:46 Bloodlines
20:45 Scale Barding Armor
22:42 Chain Barding Armor
28:13 Husbandry
Connection lost

Rejoining the realm…

Still unreachable

The connection could not be restored.

Session expired

The server has moved on; the page needs a fresh start.